 Dungeon Crawl Stone Soup version 0.29.1-12-g30fa7ad0bf (webtiles) character file.

Game seed: 3574974651154536506

104 nightchill the Chopper (level 4, 0/41 HPs)
             Began as a Hill Orc Abyssal Knight on Jan 16, 2023.
             Was a Priest of Lugonu.
             Slain by a hound (3 damage)
             ... on level 2 of the Dungeon.
             The game lasted 00:02:38 (1581 turns).

nightchill the Chopper (Hill Orc Abyssal Knight)    Turns: 1581, Time: 00:02:39

Health: 0/41       AC:  5    Str: 17    XL:     4   Next: 80%
Magic:  6/6        EV: 10    Int: 10    God:    Lugonu [***...]
Gold:   70         SH:  0    Dex: 11    Spells: 3/3 levels left

rFire   . . .      SeeInvis .   a - +1 hand axe
rCold   . . .      Faith    .   (no shield)
rNeg    . . .      Spirit   .   d - +0 ring mail
rPois   .          Reflect  .   (no helmet)
rElec   .          Harm     .   (no cloak)
rCorr   .          Rampage  .   (no gloves)
Will    .....                   (no boots)
Stlth   +.........              (no amulet)
HPRegen 0.13/turn               (no ring)
MPRegen 0.10/turn               (no ring)

@: no status effects
A: no striking features
a: Renounce Religion, Depart the Abyss, Bend Space, Banish


You were on level 2 of the Dungeon.
You worshipped Lugonu.
Lugonu was most pleased with you.
You visited 1 branch of the dungeon, and saw 2 of its levels.
You visited the Abyss 1 time.

You collected 70 gold pieces.

Inventory:

Hand Weapons
 a - a +1 hand axe (weapon)
Armour
 b - a +0 leather armour
 d - a +0 ring mail (worn)
Scrolls
 c - 3 scrolls of amnesia {unknown}
 e - 2 scrolls of enchant armour {unknown}
 i - a scroll of identify {unknown}
Potions
 f - 2 potions of flight {unknown}
 g - a potion of brilliance {unknown}
 h - a potion of haste {unknown}


   Skills:
 + Level 4.4 Fighting
 * Level 5.0 Axes
 - Level 2.1 Armour
 - Level 0.7 Dodging
 + Level 3.7 Invocations


You had 3 spell levels left.
You didn't know any spells.
Your spell library contained the following spells:

 Spells                   Type           Power      Damage    Failure   Level
 Ensorcelled Hibernation  Hex/Ice        0%         N/A       71%         2
 Passwall                 Tmut/Erth      0%         N/A       71%         2
 Call Canine Familiar     Summ           0%         N/A       90%         3
 Portal Projectile        Hex/Tloc       0%         N/A       90%         3
 Swiftness                Air            0%         N/A       90%         3
 Leda's Liquefaction      Hex/Erth       0%         N/A       100%        4


Dungeon Overview and Level Annotations

Branches:
Dungeon (2/15)

Altars:

Annotations:
D:2 Robin


Message History

You barely miss the goblin.
The hobgoblin no longer looks unusually strong.
Robin roars a battlecry!
The hobgoblin goes into a battle-frenzy!
The hound barely misses you.
The goblin unwields a +0 sling.
The goblin wields a +0 club.
The goblin barely misses you.
You hear a shout!
You slash the hound!
The hound is almost dead.
You barely miss the goblin. The hound barely misses you.
The goblin hits you with a +0 club.
* * * LOW HITPOINT WARNING * * *
The hound bites you.
* * * LOW HITPOINT WARNING * * *
A goblin comes into view. It is wielding a +0 dagger.
You hit the hound but do no damage. Your punch misses the hound.
The hound is almost dead.
You hit the goblin.
You kill the goblin!
Lugonu accepts your kill.
The hound pauses to sniff the ground.
The hound misses you. The hound bites you.
* * * LOW HITPOINT WARNING * * *
Space bends violently around you!
You blink.
Robin roars a battlecry!
The goblin goes into a battle-frenzy!
The goblin hits you with a +0 dagger.
* * * LOW HITPOINT WARNING * * *
Things that are here:
a +0 dagger; a kobold corpse The goblin attacks as you move away!
The goblin barely misses you.
The goblin no longer looks unusually strong.
Robin roars a battlecry!
The goblin goes into a battle-frenzy!
The goblin attacks as you move away! The goblin barely misses you.
The goblin attacks as you move away! The goblin barely misses you.
The goblin attacks as you move away! The goblin hits you but does no damage.
The hobgoblin no longer looks unusually strong.
The hound bites you.
You die...

#.####.# #.# .......# #.#
### #.######### #.. ..#
#.#######.## #.# #.#
#..........# #.# #.#
#########.## #.# #.#
##### #.# #.# #.#####...#
#.# ##†#######..........
#.####..@h.g..g).........
#........g...............
########.####.####.......
#.# #.# #.##...# #.# #.#
#.##...# #.# #.# #.###.##
#.# #.. .#....## #.# ###
#.##### #.#


You could see a hound, Robin, a hobgoblin and a goblin (strong).

Vanquished Creatures
  Jessica (D:2)
  A gnoll (D:1)
  2 adders (D:2)
  3 endoplasms (D:1)
  A giant cockroach (D:2)
  9 goblins
  4 hobgoblins
  6 kobolds
  4 quokkas
  8 ball pythons
  3 bats (D:1)
  2 frilled lizards (D:1)
  5 rats
49 creatures vanquished.

Vanquished Creatures (others)
  2 plants (D:1)
2 creatures vanquished.

Grand Total: 51 creatures vanquished

Notes
Turn   | Place    | Note
-------+----------+-------------------------------------------
     0 | Abyss:1  | nightchill the Hill Orc Abyssal Knight began the quest for
                  | the Orb.
     0 | Abyss:1  | Reached XP level 1. HP: 19/19 MP: 2/2
     1 | D:1      | Escaped the Abyss
    88 | D:1      | Reached skill level 3 in Axes
    92 | D:1      | Reached XP level 2. HP: 23/27 MP: 4/4
   449 | D:1      | Reached XP level 3. HP: 33/33 MP: 5/5
   451 | D:1      | You fall into a shaft and drop 1 floor!
   458 | D:2      | Noticed Jessica
   464 | D:2      | Killed Jessica
   464 | D:2      | Reached *** piety under Lugonu
   465 | D:2      | Reached skill level 4 in Axes
   850 | D:1      | Reached XP level 4. HP: 32/40 MP: 6/6
   910 | D:1      | Found a faded altar of an unknown god.
  1542 | D:2      | Noticed Robin
  1563 | D:2      | Reached skill level 5 in Axes
  1566 | D:2      | HP: 1/41 [goblin/+0 dagger[Robin] (2)]
  1581 | D:2      | Slain by a hound

Illustrated notes

Levels and vault maps discovered:
D:1:      minmay_arrival_semitransparent, layout_basic,
          shapermc_ecumenical_altar_starsandcircs, serial_bayou_pond_a
D:2:      layout_loops_ring, uniq_jessica, uniq_robin, uniq_sigmund

Skill      XL: |  1  2  3  4 |
---------------+-------------+-----
Axes           | 3 4 5 |  5.0
Fighting       | 4 |  4.4
Invocations    | 3 |  3.7
Armour         | |  2.1
Dodging        | |  0.7

Action                   |  1- 3 |  4- 6 || total
-------------------------+-------+-------++-------
Melee: Hand axe          |    74 |    51 ||   125
       Punch             |     1 |     1 ||     2
Invok: Bend Space        |       |     1 ||     1
Armor: Ring mail         |    22 |    16 ||    38
       Leather armour    |     2 |       ||     2
Dodge: Dodged            |    51 |    45 ||    96
